 Dungeon Crawl Stone Soup version 0.28-a0-793-g31680bbd8b (webtiles) character file.

Game seed: 9723109258292919712

3377 ytrimaz the Cleaver (level 9, -5/69 HPs)
             Began as a Demonspawn Berserker on Nov 4, 2021.
             Was a Priest of Trog.
             Slain by a gargoyle (8 damage)
             ... on level 7 of the Dungeon.
             The game lasted 00:06:36 (4532 turns).

ytrimaz the Cleaver (Demonspawn Berserker)          Turns: 4532, Time: 00:06:37

Health: -5/69      AC: 14    Str: 21    XL:     9   Next: 74%
Magic:  9/9        EV: 17    Int:  9    God:    Trog [***...]
Gold:   298        SH:  0    Dex: 12    Spells: 8/8 levels left

rFire   . . .      SeeInvis .   a - +0 hand axe
rCold   . . .      Faith    .   (no shield)
rNeg    . . .      Spirit   .   C - +1 steam dragon scales
rPois   .          Reflect  .   p - +2 hat
rElec   .          Harm     .   j - +0 cloak
rCorr   .          Rampage  .   (no gloves)
Will    .....                   (no boots)
Stlth   +.........              f - amulet of regeneration
HPRegen 1.21/turn               d - +4 ring of protection
MPRegen 0.11/turn               (no ring)

@: on berserk cooldown, slowed, very slow
A: hooves 1, repulsion field 2, foul stench 2, demonic magic 1
a: Renounce Religion, Berserk, Trog's Hand


You were on level 7 of the Dungeon.
You worshipped Trog.
Trog was most pleased with you.
You visited 2 branches of the dungeon, and saw 8 of its levels.

You collected 298 gold pieces.

Inventory:

Hand Weapons
 a - a +0 hand axe (weapon)
Armour
 g - a +0 helmet
 j - a +0 cloak (worn)
 p - a +2 hat (worn)
 x - a +0 leather armour of poison resistance
 C - +1 steam dragon scales (worn)
Jewellery
 d - a +4 ring of protection (left hand)
 f - an amulet of regeneration (around neck)
 k - an amulet of guardian spirit
 z - a ring of ice
Wands
 t - a wand of flame (10)
 y - a wand of iceblast (8)
 A - a wand of charming (9)
Scrolls
 b - a scroll of vulnerability
 h - 3 scrolls of teleportation
 o - a scroll of immolation
 u - 2 scrolls of identify
 E - a scroll of silence {unknown}
 F - a scroll of enchant armour
Potions
 c - 3 potions of curing
 e - 5 potions of lignification {unknown}
 i - a potion of mutation {unknown}
 l - 2 potions of brilliance {unknown}
 m - a potion of degeneration {unknown}
 n - a potion of haste {unknown}
 q - a potion of attraction {unknown}
 r - a potion of berserk rage {unknown}
 s - 2 potions of magic {unknown}
 v - a potion of flight {unknown}
 w - 2 potions of invisibility {unknown}
 B - a potion of resistance {unknown}
 D - a potion of ambrosia {unknown}


   Skills:
 + Level 6.1 Fighting
 + Level 8.2 Axes
 * Level 5.4 Armour
 * Level 7.3 Dodging


You had 8 spell levels left.
You didn't know any spells.
Your spell library was empty.

Dungeon Overview and Level Annotations

Branches:
Dungeon (7/15)             Temple (1/1) D:6

Altars:
Ashenzari
Cheibriados
Elyvilon
Hepliaklqana
Kikubaaqudgha
Makhleb
Nemelex Xobeh
Ru
Sif Muna
Trog
Uskayaw
Vehumet
Wu Jian
Xom
Yredelemnul
Zin
The Shining One

Shops:
D:3 *(


Innate Abilities, Weirdness & Mutations

You have large cloven feet.
You are surrounded by a moderate repulsion field. (EV +3)
You sometimes emit foul miasma when damaged in melee.
Spells you cast may paralyse adjacent enemies.


Message History

You emit a cloud of foul miasma!
Unknown command.
You barely miss the komodo dragon. You kick the komodo dragon!
The komodo dragon is almost dead.
You feel sick.
The komodo dragon is engulfed in dark miasma.
The komodo dragon is poisoned.
The komodo dragon seems to slow down.
You kill the komodo dragon!
Trog accepts your kill.
You slash the gargoyle!
The gargoyle is moderately damaged.
You feel sick.
Unknown command.
You hit the gargoyle but do no damage. You kick the gargoyle.
The gargoyle is moderately damaged.
You slash the wyvern skeleton!
You feel sick. The gargoyle hits you with a +0 mace.
* * * LOW HITPOINT WARNING * * *
The wyvern skeleton bites you.
* * * LOW HITPOINT WARNING * * *
You hit the gargoyle.
You kick the gargoyle, but do no damage.
The gargoyle is heavily damaged.
You slash the wyvern skeleton!
You feel sick.
You are no longer poisoned.
The wyvern skeleton closely misses you.
The gargoyle hits you but does no damage.
You hit the gargoyle. You kick the gargoyle.
The gargoyle is severely damaged.
You hit the wyvern skeleton. The wyvern skeleton closely misses you.
The gargoyle closely misses you.
Unknown command.
You hit the gargoyle but do no damage. You kick the gargoyle.
The gargoyle is almost destroyed.
You slash the wyvern skeleton!
You feel yourself speed up.
You are no longer berserk.
You are exhausted.
You feel yourself slow down. The wyvern skeleton barely misses you.
The gargoyle hits you with a +0 mace!
You die...

.8..#...#......####.>
.#.....#...#.....†##.##.
..8.8.8..............###
#.....#...#.......#..##
..8..#....(........##.
###.#####.###..###.....
.....#.....#.## #...#.
..#..#!.⌠..#.# #..##
#9@.⌠⌠⌠...# ..##
#.Z#..⌠..#... ..
.....#.....#.... .#
###.#####.###..## ...
...... # #.. ##.. ...
... .#. ..


You could see a gargoyle and a wyvern skeleton.

Vanquished Creatures
  Pikel (D:4)
  A komodo dragon (D:7)
  Grinder (D:6)
  A hornet (D:7)
  Prince Ribbit (D:6)
  Sigmund (D:2)
  A steam dragon (D:6)
  Menkaure (D:4)
  Duvessa (D:6)
  A black bear (D:5)
  3 necrophages
  2 ogres (D:6)
  A lemure (D:4)
  Blork the orc (D:6)
  2 bullfrogs (D:4)
  2 scorpions (D:6)
  Dowan (D:6)
  A water moccasin skeleton (D:5)
  2 centaur zombies
  2 hounds (D:6)
  2 orc priests (D:4)
  2 bullfrog skeletons
  A gnoll shaman (D:6)
  A jelly (D:6)
  Ijyb (D:4)
  5 iguanas
  A howler monkey zombie (D:6)
  9 gnolls (D:6)
  2 howler monkey skeletons
  5 adders
  A white imp (D:6)
  An ufetubus (D:4)
  An adder skeleton (D:2)
  4 worms
  2 dart slugs
  13 orcs
  5 endoplasms
  9 hobgoblins
  8 kobolds
  3 quokkas
  4 bats
  A frilled lizard (D:2)
  3 goblins
  A jackal skeleton (D:4)
  A quokka skeleton (D:4)
  3 rats
116 creatures vanquished.

Vanquished Creatures (collateral kills)
  An adder skeleton (D:4)
  An orc (D:4)
2 creatures vanquished.

Grand Total: 118 creatures vanquished

Notes
Turn   | Place    | Note
-------+----------+-------------------------------------------
     0 | D:1      | ytrimaz the Demonspawn Berserker began the quest for the
                  | Orb.
     0 | D:1      | Reached XP level 1. HP: 18/18 MP: 1/1
   773 | D:2      | Gained mutation: You are surrounded by a mild repulsion
                  | field. (EV +2) [demonic ancestry]
   773 | D:2      | Reached XP level 2. HP: 20/24 MP: 2/2
  1108 | D:2      | Found a faded altar of an unknown god.
  1156 | D:2      | Reached skill level 3 in Axes
  1252 | D:2      | Noticed Sigmund
  1280 | D:2      | Killed Sigmund
  1281 | D:2      | Reached XP level 3. HP: 30/30 MP: 3/3
  1281 | D:2      | Gained mutation: You may rarely emit foul miasma when
                  | damaged in melee. [demonic ancestry]
  1281 | D:2      | Reached XP level 4. HP: 37/37 MP: 4/4
  1281 | D:2      | Gained mutation: You sometimes emit foul miasma when
                  | damaged in melee. [demonic ancestry]
  1281 | D:2      | Reached XP level 5. HP: 42/42 MP: 5/5
  1458 | D:2      | Reached skill level 4 in Axes
  1680 | D:3      | Found Etuuq's Assorted Antiques.
  1696 | D:3      | Found Dunwee's Weapon Boutique.
  2128 | D:3      | Reached ** piety under Trog
  2357 | D:4      | Noticed Ijyb
  2377 | D:4      | Killed Ijyb
  2378 | D:4      | Gained mutation: You have large cloven feet. [demonic
                  | ancestry]
  2378 | D:4      | Reached XP level 6. HP: 37/48 MP: 6/6
  2453 | D:4      | Noticed Menkaure
  2464 | D:4      | Killed Menkaure
  2599 | D:4      | Gained mutation: You are surrounded by a moderate repulsion
                  | field. (EV +3) [demonic ancestry]
  2599 | D:4      | Reached XP level 7. HP: 55/55 MP: 7/7
  2678 | D:4      | Reached skill level 5 in Axes
  2694 | D:4      | Found a broken altar of Ashenzari.
  2712 | D:4      | Noticed Pikel
  2724 | D:4      | Killed Pikel
  2725 | D:4      | Reached skill level 5 in Fighting
  2725 | D:4      | Gained mutation: Spells you cast may paralyse adjacent
                  | enemies. [demonic ancestry]
  2725 | D:4      | Reached XP level 8. HP: 62/62 MP: 8/8
  2746 | D:4      | Found an ancient bone altar of Kikubaaqudgha.
  3044 | D:5      | Entered Level 5 of the Dungeon
  3059 | D:5      | Reached skill level 6 in Axes
  3115 | D:5      | Reached skill level 5 in Dodging
  3450 | D:6      | Noticed Prince Ribbit
  3451 | D:6      | Noticed Grinder
  3468 | D:6      | Paralysed by Grinder for 2 turns
  3476 | D:6      | Killed Grinder
  3480 | D:6      | Killed Prince Ribbit
  3481 | D:6      | Reached skill level 7 in Axes
  3481 | D:6      | Reached XP level 9. HP: 68/68 MP: 9/9
  3533 | D:6      | Reached *** piety under Trog
  3588 | D:6      | Found a staircase to the Ecumenical Temple.
  3625 | Temple   | Entered the Ecumenical Temple
  3841 | D:6      | Found a snail-covered altar of Cheibriados.
  3896 | D:6      | Reached skill level 5 in Armour
  4119 | D:6      | Found a shimmering altar of Xom.
  4126 | D:6      | Noticed Blork the orc
  4150 | D:6      | Killed Blork the orc
  4276 | D:6      | Noticed Duvessa
  4278 | D:6      | Noticed Dowan
  4302 | D:6      | Killed Duvessa
  4320 | D:6      | Killed Dowan
  4486 | D:7      | Reached skill level 8 in Axes
  4510 | D:7      | Noticed a komodo dragon
  4511 | D:7      | Noticed a gargoyle
  4523 | D:7      | Paralysed by a hornet for 1 turns
  4527 | D:7      | Killed a komodo dragon
  4529 | D:7      | HP: 2/103 [wyvern skeleton (4)]
  4532 | D:7      | Slain by a gargoyle

Illustrated notes

Levels and vault maps discovered:
D:1:      minmay_arrival_glassed_features, layout_basic
D:2:      layout_basic, shapermc_ecumenical_altar_mp_highgroup,
          minmay_quadrilaterals, uniq_sigmund
D:3:      layout_basic, serial_shops, shop, nicolae_shop_waterfront
D:4:      layout_cave_pools, mainiacjoe_overflow_catch_the_wave,
          kennysheep_generic_room_10, uniq_menkaure, uniq_ijyb, uniq_pikel
D:5:      layout_basic, amcnicky_mini_pool_small, st_stairs_7
D:6:      layout_loops_ring, mainiacjoe_overflow_concentric_impassable,
          cheibriados_altar_1, minmay_temple_entry_junction_2,
          grunt_ministairs_2, palyth_stone_intersect,
          kennysheep_generic_room_16, uniq_duvessa, uniq_prince_ribbit1,
          uniq_blork_the_orc, uniq_grinder
D:7:      cheibrodos_steamvent, layout_cave_pools, mainiacjoe_overflow_alcove_1,
          nicolae_qazlal_style_of_elements, serial_shops, shop,
          nicolae_water_bricks, minmay_chambers_of_fives
Temple:   dshaligram_water_room_temple

Skill      XL: |  1  2  3  4  5  6  7  8  9 |
---------------+----------------------------+-----
Dodging        | 2 3 4 6 7 |  7.3
Armour         | 2 3 4 5 |  5.4
Axes           | 3 4 5 7 8 |  8.2
Fighting       | 4 5 6 |  6.1

Action                   |  1- 3 |  4- 6 |  7- 9 || total
-------------------------+-------+-------+-------++-------
Melee: Hand axe          |    78 |   166 |   282 ||   526
       Kick              |       |    13 |   104 ||   117
Invok: Berserk           |     2 |     1 |     4 ||     7
       Trog's Hand       |       |     1 |     1 ||     2
  Use: Scroll            |       |     6 |     3 ||     9
 Stab: Sleeping          |     1 |     1 |       ||     2
Armor: Animal skin       |    17 |    42 |       ||    59
       Leather armour    |       |    15 |    48 ||    63
       Steam dragon scal |       |       |    37 ||    37
Dodge: Dodged            |    58 |    98 |   251 ||   407

Table legend: (Time is in decaauts)
 A = Elapsed time spent in this place.
 B = Non-inter-level travel time spent in this place.
 C = Inter-level travel time spent in this place.
 D = Time resting spent in this place.
 E = Time spent auto-exploring this place.
 F = Levels seen in this place.
 G = Mean time per level.
                   A        B        C        D        E       F      G
               +--------+--------+--------+--------+--------+-----+--------+
         Total |   4590 |   4446 |    144 |      7 |   3246 |   8 |  573.8 |
       Dungeon |   4455 |   4313 |    142 |      7 |   3145 |   7 |  636.4 |
        Temple |    135 |    133 |      2 |      0 |    101 |   1 |  135.0 |
               +--------+--------+--------+--------+--------+-----+--------+

Top non-repeatable levels by time:
     D:2: 908 daAuts
     D:6: 879 daAuts
     D:1: 758 daAuts
     D:4: 726 daAuts
     D:3: 712 daAuts
     D:5: 390 daAuts
  Temple: 135 daAuts
     D:7: 78 daAuts
